 Dungeon Crawl Stone Soup version 0.27-a0-1277-g3808f8b1c9 (webtiles) character file.

Game seed: 13858749006484917764

346 HAL9000 the Covert (level 6, -9/30 HPs)
             Began as a Vine Stalker Brigand on June 12, 2021.
             Mangled by Menkaure (14 damage)
             ... on level 5 of the Dungeon.
             The game lasted 00:09:06 (4342 turns).

HAL9000 the Covert (Vine Stalker Brigand)           Turns: 4342, Time: 00:09:07

Health: -9/30      AC:  4    Str: 15    XL:     6   Next: 59%
Magic:  0/7        EV: 11    Int: 11    God:
Gold:   209        SH:  0    Dex: 16    Spells: 5/5 levels left

rFire    . . .     SeeInvis +   a - +2 dagger
rCold    . . .     Faith    .   (no shield)
rNeg     . . .     Spirit   +   b - +0 robe
rPois    .         Reflect  .   j - +0 helmet
rElec    .         Harm     .   c - +0 cloak
rCorr    .         Rampage  .   (no gloves)
Will     .....                  (no boots)
Stlth    ++++......             (no amulet)
HPRegen  1.10/turn              n - ring of see invisible
MPRegen  0.10/turn              (no ring)

@: hasted, very quick
A: fangs 2, regeneration 1, magic shield, antimagic bite, no potion heal 2
a: no special abilities


You were on level 5 of the Dungeon.
You visited 2 branches of the dungeon, and saw 6 of its levels.

You collected 209 gold pieces.

Inventory:

Hand Weapons
 a - a +2 dagger (weapon)
 v - a +0 rapier
Missiles
 e - 2 curare-tipped darts (quivered)
Armour
 b - a +0 robe (worn)
 c - a +0 cloak (worn)
 j - a +0 helmet (worn)
Jewellery
 n - a ring of see invisible (left hand)
Scrolls
 f - a scroll of fog {unknown}
 g - 2 scrolls of identify
 h - 2 scrolls of enchant weapon {unknown}
 i - a scroll of enchant armour {unknown}
 o - 2 scrolls of teleportation {unknown}
 p - 2 scrolls of blinking {unknown}
 q - a scroll of immolation {unknown}
 r - 2 scrolls of fear {unknown}
 t - a scroll of amnesia {unknown}
Potions
 k - 2 potions of mutation {unknown}
 l - a potion of haste
 m - 3 potions of curing
 u - a potion of flight {unknown}


   Skills:
 - Level 1.7 Fighting
 - Level 2.2 Short Blades
 * Level 3.4 Throwing
 - Level 0.7 Dodging
 + Level 8.6 Stealth


You had 5 spell levels left.
You didn't know any spells.
Your spell library contained the following spells:

 Spells                   Type           Power      Damage    Failure   Level
 Freeze                   Ice            0%         1d3       34%         1
 Frozen Ramparts          Ice            0%         1d2       71%         3
 Ozocubu's Armour         Ice            0%         N/A       71%         3
 Hailstorm                Conj/Ice       0%         3d3       98%         4
 Metabolic Englaciation   Hex/Ice        0%         N/A       100%        5


Dungeon Overview and Level Annotations

Branches:
Dungeon (5/15)             Temple (1/1) D:5

Altars:
Ashenzari
Dithmenos
Elyvilon
Fedhas
Hepliaklqana
Kikubaaqudgha
Makhleb
Nemelex Xobeh
Okawaru
Qazlal
Trog
Vehumet
Wu Jian
Zin
The Shining One

Annotations:
D:5 Menkaure


Innate Abilities, Weirdness & Mutations

You have extremely sharp teeth.
Your natural rate of healing is unusually fast.
When hurt, damage is shared between your health and your magic reserves.
Your bite disrupts and absorbs the magic of your enemies.
Potions cannot restore your health.


Message History

Aim: Menkaure (fast, 75% to hit)
You throw a throwing net. The throwing net hits Menkaure.
Menkaure is caught in the net!
Menkaure struggles against the net.
Menkaure struggles against the net.
You hit Menkaure but do no damage. You bite Menkaure, but do no damage.
Menkaure struggles against the net.
You hit Menkaure. You bite Menkaure, but do no damage.
Menkaure is lightly damaged.
Menkaure struggles against the net.
You hit Menkaure.
Menkaure is moderately damaged.
Menkaure struggles against the net.
The net rips apart, and Menkaure comes free!
You hit Menkaure.
Menkaure is moderately damaged.
Menkaure calls on the powers of darkness!
Your body is wracked with pain!
You hit Menkaure.
Menkaure is heavily damaged.
Menkaure barely misses you.
You hit Menkaure. Your bite misses Menkaure.
Menkaure is heavily damaged.
Menkaure hits you but does no damage.
You hit Menkaure.
Menkaure is heavily damaged.
Menkaure hits you!!
Ouch! That really hurt!
* * * LOW HITPOINT WARNING * * *
The centaur skeleton hits you but does no damage.
The centaur skeleton kicks you but does no damage.
The centaur skeleton hits you.
* * * LOW HITPOINT WARNING * * *
The centaur skeleton kicks you but does no damage.
Menkaure barely misses you.
There is a staircase to the Ecumenical Temple, spattered with blood here.
You feel yourself speed up. The centaur skeleton misses you.
The centaur skeleton kicks you but does no damage.
Menkaure hits you!
You die...

.. . ##.## .
...(##. ..... #
#.((# #. #.⌠(#
..$
#.###...###...
..#.....MZ......
.....⌠..@..⌠...#
#.............#
#..###...###..#
##...#.⌠.# ...#
#...#...#.....
#...........#
#......######
#......#
#......#


You could see Menkaure (fast) and a centaur skeleton.

Vanquished Creatures
  A phantom (D:4)
  2 hounds
  2 orc priests
  A bullfrog skeleton (D:4)
  A hound skeleton (D:4)
  An adder (D:3)
  2 worms
  A dart slug (D:1)
  8 orcs
  A ball python (D:2)
  9 endoplasms
  2 giant cockroaches (D:2)
  10 hobgoblins
  6 jackals (D:2)
  6 quokkas
  8 bats
  3 frilled lizards
  7 goblins
  5 kobolds
  6 rats
82 creatures vanquished.

Notes
Turn   | Place    | Note
-------+----------+-------------------------------------------
     0 | D:1      | HAL9000 the Vine Stalker Brigand began the quest for the
                  | Orb.
     0 | D:1      | Reached XP level 1. HP: 11/11 MP: 2/2
   467 | D:1      | Reached skill level 5 in Stealth
   467 | D:1      | Reached XP level 2. HP: 15/15 MP: 3/3
   959 | D:2      | Reached XP level 3. HP: 12/18 MP: 4/4
  1638 | D:2      | Reached skill level 6 in Stealth
  2327 | D:3      | Gained mutation: Your natural rate of healing is unusually
                  | fast. [Vine Stalker growth]
  2327 | D:3      | Reached XP level 4. HP: 3/23 MP: 0/5
  2741 | D:3      | Found a bloodstained altar of Trog.
  2802 | D:3      | Reached skill level 7 in Stealth
  3198 | D:4      | Reached XP level 5. HP: 26/26 MP: 6/6
  3989 | D:5      | Entered Level 5 of the Dungeon
  3995 | D:5      | Noticed a phantom
  4044 | D:4      | Killed a phantom
  4045 | D:4      | Reached skill level 8 in Stealth
  4045 | D:4      | Reached XP level 6. HP: 29/30 MP: 3/7
  4206 | D:5      | Found a staircase to the Ecumenical Temple.
  4216 | Temple   | Entered the Ecumenical Temple
  4303 | D:5      | Noticed Menkaure
  4342 | D:5      | Mangled by Menkaure

Illustrated notes

Levels and vault maps discovered:
D:1:      onia_arrival_mini_spirals, layout_basic
D:2:      layout_loops_corners, minmay_ruptured
D:3:      layout_basic, trog_hazing_becter, kennysheep_generic_room_4
D:4:      layout_cave_pods
D:5:      layout_basic, kennysheep_mini_moat, minmay_temple_entry_junction_2,
          uniq_menkaure
Temple:   zaba_magenta_temple

Skill      XL: |  1  2  3  4  5 |
---------------+----------------+-----
Short Blades   | 2 |  2.2
Stealth        | 5 6 7 8 |  8.6
Throwing       | 2 3 |  3.4
Fighting       | |  1.7
Dodging        | |  0.7

Action                   |  1- 3 |  4- 6 || total
-------------------------+-------+-------++-------
Melee: Dagger            |   107 |   140 ||   247
       Bite              |    30 |    33 ||    63
       Rapier            |       |    18 ||    18
Throw: Dart              |     8 |    20 ||    28
       Throwing net      |       |     2 ||     2
  Use: Scroll            |       |     2 ||     2
       Potion            |       |     2 ||     2
 Stab: Sleeping          |    10 |     7 ||    17
Armor: Robe              |    28 |    52 ||    80
Dodge: Dodged            |    56 |    93 ||   149

Table legend: (Time is in decaauts)
 A = Elapsed time spent in this place.
 B = Non-inter-level travel time spent in this place.
 C = Inter-level travel time spent in this place.
 D = Time resting spent in this place.
 E = Time spent auto-exploring this place.
 F = Levels seen in this place.
 G = Mean time per level.
                   A        B        C        D        E       F      G
               +--------+--------+--------+--------+--------+-----+--------+
         Total |   4314 |   4139 |    175 |    563 |   2863 |   6 |  719.0 |
       Dungeon |   4223 |   4067 |    156 |    563 |   2809 |   5 |  844.6 |
        Temple |     91 |     72 |     19 |      0 |     54 |   1 |   91.0 |
               +--------+--------+--------+--------+--------+-----+--------+

Top non-repeatable levels by time:
     D:2: 1323 daAuts
     D:1: 901 daAuts
     D:3: 894 daAuts
     D:4: 866 daAuts
     D:5: 238 daAuts
  Temple: 91 daAuts
